 Dungeon Crawl Stone Soup version 0.29-a0-700-g2f1814c7b2 (webtiles) character file.

Game seed: 10974518737687638320

88 lunkers the Chopper (level 5, 0/41 (46) HPs)
             Began as a Meteoran Fighter on June 25, 2022.
             Slain by a wight
             ... wielding a +0 scimitar
              (3 damage)
             ... on level 3 of the Dungeon.
             The game lasted 00:03:01 (616 turns).

lunkers the Chopper (Meteoran Fighter)               Turns: 616, Time: 00:03:02

HP:   0/41 (46)     AC:  8    Str: 19    XL:     5   Next: 9%
MP:   6/6           EV:  9    Int: 10    God:
Gold: 83            SH:  5    Dex: 13    Spells: 4/4 levels left

rFire   . . .      SeeInvis .   a - +0 war axe
rCold   . . .      Faith    .   c - +0 buckler
rNeg    . . .      Spirit   .   b - +0 scale mail
rPois   .          Reflect  .   (no helmet)
rElec   .          Harm     .   k - +0 cloak
rCorr   .          Rampage  .   (no gloves)
Will    .....                   (no boots)
Stlth   ..........              (no amulet)
HPRegen 0.13/turn               (no ring)
MPRegen 0.10/turn               (no ring)

@: glowing, heavily drained
A: sense surroundings 1, otherworldly, glowing, explore regen
a: no special abilities


You were on level 3 of the Dungeon.
You visited 1 branch of the dungeon, and saw 4 of its levels.

You collected 83 gold pieces.

Inventory:

Hand Weapons
 a - a +0 war axe (weapon)
Missiles
 j - 2 throwing nets
Armour
 b - a +0 scale mail (worn)
 c - a +0 buckler (worn)
 k - a +0 cloak (worn)
Jewellery
 f - a ring of protection from fire
Wands
 o - a wand of iceblast (7)
Scrolls
 e - a scroll of vulnerability {unknown}
 g - a scroll of identify {unknown}
 i - a scroll of summoning {unknown}
 m - a scroll of teleportation {unknown}
 n - a scroll of poison {unknown}
Potions
 d - 2 potions of might
 h - a potion of cancellation {unknown}
 l - a potion of curing {unknown}


   Skills:
 + Level 4.2 Fighting
 * Level 4.7 Axes
 - Level 3.6 Armour
 - Level 3.6 Shields


You had 4 spell levels left.
You didn't know any spells.
Your spell library contained the following spells:

 Spells                   Type           Power      Damage    Failure   Level
 Apportation              Tloc           0%         N/A       82%         1
 Necrotize                Necr           0%         1d4       82%         1
 Summon Small Mammal      Summ           0%         N/A       82%         1
 Alistair's Intoxication  Tmut/Pois      0%         N/A       100%        5


Dungeon Overview and Level Annotations

Branches:
Dungeon (4/15) Zot: 1746
 Temple: D:4-7

Altars:


Innate Abilities, Weirdness & Mutations

You passively map a small area around you.
You are easily found by Zot.
You glow in the dark.
You regain HP and MP as you explore.


Message History

Okay, then.
Press: ? - help, v - describe, . - travel
Here: a wight, wielding a +0 halberd and wearing a +0 robe The floor.
The wight hits you from afar with a +0 halberd.
There is a stone staircase leading up here.
The wight hits you but does no damage. The wight hits you but does no damage.
The wight closely misses you.
The wight hits you from afar with a +0 halberd.
The wight barely misses you.
The wight hits you from afar with a +0 halberd.
You feel drained.
* * * LOW HITPOINT WARNING * * *
The wight hits you from afar with a +5 halberd.
* * * LOW HITPOINT WARNING * * *
Unknown command.
Unknown command.
Unknown command.
The wight hits you but does no damage.
The wight hits you from afar with a +5 halberd.
* * * LOW HITPOINT WARNING * * *
You feel drained.
* * * LOW HITPOINT WARNING * * *
The wight barely misses you.
The wight hits you from afar with a +0 halberd!
* * * LOW HITPOINT WARNING * * *
You climb upwards.
There is a stone staircase leading down here.
Unknown command.
Unknown command.
Unknown command.
Unknown command.
Unknown command.
Unknown command.
Unknown command.
Unknown command.
You hit the wight but do no damage. The wight hits you with a +0 scimitar!
* * * LOW HITPOINT WARNING * * *
You feel drained.
You die...

* * , , , , * ,,
*., .# *..######
.# , ......## .#
,.....####.#
*..#####..##...#
,
....>..@......#
,
.......z......#
* ,
.######..###.##
* #..# #.# #..#
#.#### , #..#
#....# * ,, #..#
####.# *
#(.######.# , ,
* * .........#


You could see a wight.

Vanquished Creatures
  An orc wizard (D:3)
  3 adders
  A dart slug (D:2)
  3 orcs
  3 ball pythons
  2 giant cockroaches (D:1)
  3 goblins
  2 hobgoblins
  2 jackals (D:1)
  A quokka (D:4)
  3 bats
  3 frilled lizards
  3 kobolds
  2 rats
32 creatures vanquished.

Notes
Turn   | Place    | Note
-------+----------+-------------------------------------------
     0 | D:1      | lunkers the Meteoran Fighter began the quest for the Orb.
     0 | D:1      | Reached XP level 1. HP: 19/19 MP: 2/2
    82 | D:1      | Reached XP level 2. HP: 15/26 MP: 3/3
   336 | D:2      | Reached XP level 3. HP: 30/31 MP: 4/4
   408 | D:3      | Reached XP level 4. HP: 30/40 MP: 5/5
   568 | D:4      | Reached XP level 5. HP: 46/46 MP: 6/6
   616 | D:3      | Slain by a wight

Illustrated notes

Levels and vault maps discovered:
D:1:      onia_arrival_pentagram, layout_loops_ring
D:2:      layout_basic
D:3:      layout_loops_ring
D:4:      layout_rooms, nicolae_ashenzari_skybound, serial_rivers,
          chequers_serial_rivers_room_b, chequers_serial_rivers_small_b,
          chequers_serial_rivers_micro_a, chequers_serial_rivers_large_a,
          chequers_serial_rivers_small_a

Skill      XL: |  1  2  3 |
---------------+----------+-----
Axes           | 3 4 |  4.7
Fighting       | 4 |  4.2
Armour         | |  3.6
Shields        | |  3.6

Action                   |  1- 3 |  4- 6 || total
-------------------------+-------+-------++-------
Melee: War axe           |    61 |    33 ||    94
Armor: Scale mail        |    52 |    23 ||    75
Dodge: Dodged            |    25 |    17 ||    42
Block: Buckler           |    14 |     8 ||    22

Table legend: (Time is in decaauts)
 A = Elapsed time spent in this place.
 B = Non-inter-level travel time spent in this place.
 C = Inter-level travel time spent in this place.
 D = Time resting spent in this place.
 E = Time spent auto-exploring this place.
 F = Levels seen in this place.
 G = Mean time per level.
                   A        B        C        D        E       F      G
               +--------+--------+--------+--------+--------+-----+--------+
         Total |    652 |    652 |      0 |      0 |    180 |   4 |  163.0 |
       Dungeon |    652 |    652 |      0 |      0 |    180 |   4 |  163.0 |
               +--------+--------+--------+--------+--------+-----+--------+

Top non-repeatable levels by time:
     D:1: 267 daAuts
     D:3: 156 daAuts
     D:2: 142 daAuts
     D:4: 86 daAuts
